 Dungeon Crawl Stone Soup version 0.15-a0-1506-g1b030bc (webtiles) character file.

165 Quh the Distorting Demonspawn (level 5, -13/41 HPs)
             Began as a Demonspawn Abyssal Knight on June 15, 2014.
             Was a Believer of Lugonu.
             Killed by divine providence
             ... invoked by an orc priest
              (14 damage)
             ... on Level 4 of the Dungeon.
             The game lasted 00:11:05 (3794 turns).

Quh the Distorting Demonspawn (DsAK)                Turns: 3794, Time: 00:11:05

HP -13/41        AC  7     Str 13      XL: 5   Next: 22%
MP   9/9         EV  9     Int 14      God: Lugonu [**....]
Gold 140         SH  5     Dex 12      Spells:  0 memorised,  4 levels left

rFire  . . .     SeeInvis .     a - +1 spear
rCold  . . .     Clarity  .     y - +0 leather armour
rNeg   . . .     rCorr    .     E - +2 buckler
rPois  .         rRot     .     (no helmet)
rElec  .         Spirit   .     l - +0 cloak
SustAb .         Warding  .     (no gloves)
rMut   .         Stasis   .     v - +0 pair of boots
Gourm  .                        (no amulet)
MR     .....                    (no ring)
                                (no ring)

@: not resistant to hostile enchantments, very unstealthy
A: slimy green scales 1, powered by death 1
a: Depart the Abyss, Bend Space, Renounce Religion


You were on level 4 of the Dungeon.
You worshipped Lugonu.
Lugonu was pleased with you.
You were not hungry.

You visited 1 branch of the dungeon, and saw 4 of its levels.
You visited the Abyss 1 time.

You collected 140 gold pieces.

Inventory:

Hand weapons
 a - a +1,+1 spear (weapon)
 D - a +0,+0 trident
Missiles
 f - 16 stones
 n - 8 poisoned javelins
 q - 6 tomahawks (quivered)
Armour
 b - a +0 leather armour
 l - a +0 cloak (worn)
 v - a +0 pair of boots (worn)
 y - a +0 leather armour (worn)
 E - a +2 buckler (worn)
Comestibles
 c - 2 bread rations
 u - a beef jerky
 G - 3 fruits
Scrolls
 d - a scroll of enchant armour {unknown}
 g - 5 scrolls of identify {unknown}
 j - a scroll of recharging {unknown}
 k - a scroll of fear {unknown}
 p - 7 scrolls of remove curse {unknown}
 s - 2 scrolls of teleportation {unknown}
 t - 3 scrolls of amnesia {unknown}
 w - a scroll of enchant weapon II {unknown}
 x - 2 scrolls of immolation {unknown}
 z - a scroll of noise {unknown}
 F - a scroll of blinking {unknown}
Potions
 e - 2 potions of magic {unknown}
 h - 3 potions of curing {unknown}
 i - a potion of restore abilities {unknown}
 m - a potion of degeneration {unknown}
 o - a potion of poison {unknown}
 r - a potion of resistance {unknown}
 A - a potion of brilliance {unknown}
 B - a potion of beneficial mutation {unknown}
 C - a potion of mutation {unknown}


   Skills:
 - Level 3.0 Fighting
 * Level 4.2 Polearms
 - Level 1.7 Armour
 - Level 0.8 Dodging
 + Level 4.4 Invocations


You had 4 spell levels left.
You didn't know any spells.

Dungeon Overview and Level Annotations

Branches:
Dungeon (4/15)
 Temple: D:4-7

Altars:
Fedhas
Sif Muna


Innate Abilities, Weirdness & Mutations

You are partially covered in slimy green scales (AC +2).
You can steal the life force of nearby defeated enemies.


Message History

You barely miss the orc priest.
The orc priest is severely wounded.
You block the orc warrior's attack.
The orc priest becomes somewhat translucent.
You hit the orc priest.
The orc priest is severely wounded.
The orc warrior hits you but does no damage.
The orc priest closely misses you.
An orc wizard comes into view. It is wielding a dagger.
You hit the orc priest.
The orc priest is severely wounded.
The orc warrior hits you with a short sword!
You barely miss the orc priest.
The orc priest is severely wounded.
The orc priest hits you but does no damage.
The orc warrior hits you with a short sword!
* * * LOW HITPOINT WARNING * * *
The orc priest calls down the wrath of Beogh upon you.
Something smites you!
You die...

#.#..######.#..# (o..
.........##....# #...#
#.#.####%##....##.(8.
#.#.####.##.#.##ooo
#.#.......)...#o.#
.............)#.#########
###.#.##..#.#...o........
###.......#.##....#.#####
............##..@.#
......##..####.####
......###.# #.. ......#
#.# ### ......# #.#
......# #.# ......#
#####.# #.#


You could see an orc warrior and an orc priest.

Vanquished Creatures
  An orc priest (D:3)
  An orc wizard (D:3)
  4 adders
  2 giant geckos
  2 oozes
  5 orcs
  8 bats
  4 giant cockroaches
  4 hobgoblins
  3 jackals (D:4)
  8 kobolds
  2 quokkas
  4 giant newts
  7 goblins
  A quokka skeleton (D:4)
  8 rats
  A rat skeleton (D:4)
65 creatures vanquished.

Notes
Turn   | Place    | Note
--------------------------------------------------------------
     0 | Abyss:1  | Quh, the Demonspawn Abyssal Knight, began the quest for the Orb.
     0 | Abyss:1  | Reached XP level 1. HP: 18/18 MP: 1/1
   272 | Abyss:1  | Noticed a crystal guardian
   273 | Abyss:1  | Noticed an orange demon
   275 | D:1      | Escaped the Abyss
   401 | D:1      | Acquired Lugonu's first power
   701 | D:1      | Gained mutation: You are partially covered in slimy green scales (AC +2). [demonic ancestry]
   701 | D:1      | Reached XP level 2. HP: 24/24 MP: 2/2
  1586 | D:2      | Reached XP level 3. HP: 13/29 MP: 3/5
  2703 | D:3      | Found a blossoming altar of Fedhas.
  2794 | D:3      | Gained mutation: You can steal the life force of nearby defeated enemies. [demonic ancestry]
  2794 | D:3      | Reached XP level 4. HP: 22/35 MP: 7/7
  2807 | D:3      | Acquired Lugonu's second power
  2843 | D:3      | Reached skill level 4 in Invocations
  3169 | D:3      | Found a deep blue altar of Sif Muna.
  3349 | D:3      | Found a blossoming altar of Fedhas.
  3355 | D:3      | Reached XP level 5. HP: 37/41 MP: 9/9
  3781 | D:4      | Noticed an orc warrior
  3791 | D:4      | HP: 1/41 [orc warrior/short sword (12)]
  3794 | D:4      | Killed from afar by an orc priest

Action                   |  1- 3 |  4- 6 || total
-------------------------+-------+-------++-------
Melee: Spear             |   149 |    98 ||   247
Throw: Tomahawk          |    25 |    17 ||    42
       Stone             |       |     2 ||     2
Invok: Depart the Abyss  |     1 |       ||     1
